 Dungeon Crawl Stone Soup version 0.31.0-9-g3a7656b989 (webtiles) character file.

Game seed: 7549621608789695625

295920 Bnni the Unseen (level 19, -14/106 HPs)
             Began as a Vine Stalker Fighter on Jan 31, 2024.
             Was a Priest of Uskayaw.
             Demolished by a rockslime (18 damage)
             ... on level 5 of the Pits of Slime.
             The game lasted 01:49:05 (26681 turns).

Bnni the Unseen (Vine Stalker Fighter)             Turns: 26681, Time: 01:49:05

Health: -14/106    AC: 29    Str: 26    XL:     19   Next: 79%
Magic:  0/33       EV:  6    Int:  8    God:    Uskayaw [***...]
Gold:   1368       SH: 21    Dex: 22    Spells: 16/18 levels left

rFire   . . .        U - +0 dagger (speed)
rCold   + . .        H - +1 tower shield {rC+}
rNeg    + . .        n - +15 Maxwell's patent armour {-Cast -Tele rElec Will+ rCorr}
rPois   +            c - +2 hat "Sudicomp" {Rampage rC- Dex+2}
rElec   +            V - +2 cloak
rCorr   +            O - +4 pair of gloves of the Saviour {Will- Str+5}
SInv    .            m - +0 pair of boots {rampage}
Will    ++...        D - amulet of faith
Stlth   +++          P - ring "Wuuripp" {rPois rC+ Slay+5}
HPRegen 1.17/turn    J - ring of positive energy
MPRegen 0.23/turn

%: no teleportation, no spellcasting, guardian spirit, rampage, faith
@: marked, corroded, fragile (+50% incoming damage), hasted, studying Stealth,
very quick
A: fangs 3, regeneration 1, magic shield, antimagic bite, no potion heal 2
}: 2/15 runes: barnacled, gossamer
a: Renounce Religion, Stomp, Line Pass


You were on level 5 of the Pits of Slime.
You worshipped Uskayaw.
Uskayaw was most pleased with you.
You visited 7 branches of the dungeon, and saw 36 of its levels.
You visited 1 bazaar.
You also visited: Gauntlet and Ice Cave.

You collected 3279 gold pieces.
You spent 1911 gold pieces at shops.

Inventory:

Hand Weapons
 j - the +8 dagger of Rolercho {flame, Int+2}
   (You found it on level 4 of the Shoals)

   Int+2:     It affects your intelligence (+2).
 x - a +1 rapier of electrocution
 U - a +0 dagger of speed (weapon)
Missiles
 z - 9 curare-tipped darts (quivered)
 M - 7 throwing nets
Armour
 c - the +2 hat "Sudicomp" (worn) {Rampage rC- Dex+2}
   (You found it on level 4 of the Spider Nest)

   Dex+2:     It affects your dexterity (+2).
   rC-:       It makes you vulnerable to cold.
   Rampage:   It bestows one free step when moving towards enemies.
 m - a +0 pair of boots of rampaging (worn)
 n - the +15 Maxwell's patent armour (worn) {-Cast -Tele rElec Will+ rCorr}
   (You found it on level 2 of the Dungeon)

   rElec:     It insulates you from electricity.
   Will+:     It increases your willpower.
   -Cast:     It prevents spellcasting.
   -Tele:     It prevents most forms of teleportation.
   rCorr:     It protects you from acid and corrosion.
 H - a +1 tower shield of cold resistance (worn)
 O - the +4 pair of gloves of the Saviour (worn) {Will- Str+5}
   (You found it on level 14 of the Dungeon)

   Str+5:     It affects your strength (+5).
   Will-:     It decreases your willpower.
 V - a +2 cloak (worn)
Jewellery
 h - a ring of protection from cold
 i - a ring of flight
 y - a ring of fire
 A - a ring of see invisible
 D - an amulet of faith (around neck)
 I - a ring of fire
 J - a ring of positive energy (right hand)
 L - a ring of resist corrosion
 P - the ring "Wuuripp" (left hand) {rPois rC+ Slay+5}
   (You found it in a Gauntlet)

   [ring of poison resistance]

   Slay+5:    It affects your accuracy & damage with ranged weapons and melee
   (+5).
   rC+:       It protects you from cold.
   rPois:     It protects you from poison
 R - a ring of protection from cold
Wands
 b - a wand of quicksilver (14)
 B - a wand of digging (27)
 X - a wand of iceblast (10)
Scrolls
 e - 2 scrolls of brand weapon
 f - 5 scrolls of enchant armour
 g - 8 scrolls of blinking
 l - 5 scrolls of poison
 r - 6 scrolls of enchant weapon
 t - 4 scrolls of fog
 F - 3 scrolls of revelation
 G - 6 scrolls of immolation
 K - 3 scrolls of silence
 N - 12 scrolls of teleportation
 Q - 5 scrolls of fear
Potions
 a - 12 potions of curing
 d - 4 potions of might
 k - a potion of magic
 q - 2 potions of berserk rage
 s - 6 potions of mutation
 u - 8 potions of haste
 v - 4 potions of cancellation
 w - a potion of resistance
 C - a potion of invisibility
 E - 4 potions of enlightenment
 Y - a potion of attraction {unknown}
Miscellaneous
 o - a phantom mirror
 p - a phial of floods
 S - a lightning rod (4/4)


   Skills:
 + Level 14.3 Fighting
 - Level 11.5 Short Blades
 - Level 10.0 Armour
 + Level 19.3 Stealth
 * Level 14.3 Shields
 * Level 19.2 Invocations


You had 16 spell levels left.
You knew the following spells:

 Your Spells              Type           Power      Damage    Failure   Level
b - Blink                 Tloc           0%         N/A       100%        2

Your spell library contained the following spells:

 Spells                   Type           Power      Damage    Failure   Level
 Apportation              Tloc           0%         N/A       100%        1
 Freeze                   Ice            0%         1d3       100%        1
 Kiss of Death            Conj/Necr      0%         2d5       100%        1
 Magic Dart               Conj           0%         1d3       100%        1
 Necrotise                Necr           0%         1d4       100%        1
 Sting                    Conj/Alch      0%         1d3       100%        1
 Summon Small Mammal      Summ           0%         N/A       100%        1
 Call Imp                 Summ           0%         N/A       100%        2
 Ensorcelled Hibernation  Hex/Ice        0%         N/A       100%        2
 Jinxbite                 Hex            0%         N/A       100%        2
 Mercury Vapours          Alch/Air       0%         N/A       100%        2
 Searing Ray              Conj           0%         2d4       100%        2
 Confusing Touch          Hex            0%         N/A       100%        3
 Dazzling Flash           Conj/Hex       0%         N/A       100%        3
 Frozen Ramparts          Ice            0%         1d1       100%        3
 Hailstorm                Conj/Ice       0%         3d5       100%        3
 Mephitic Cloud           Conj/Alch/Air  0%         N/A       100%        3
 Passwall                 Erth           0%         N/A       100%        3
 Summon Ice Beast         Ice/Summ       0%         N/A       100%        3
 Swiftness                Air            0%         N/A       100%        3
 Volatile Blastmotes      Fire/Tloc      0%         2d10      100%        3
 Dispel Undead            Necr           0%         3d6       100%        4
 Fulminant Prism          Conj/Alch      0%         3d5       100%        4
 Iskenderun's Mystic Bla  Conj/Tloc      0%         2d3       100%        4
 Olgreb's Toxic Radiance  Alch           0%         N/A       100%        4
 Passage of Golubria      Tloc           0%         N/A       100%        4
 Vhi's Electric Charge    Tloc/Air       0%         N/A       100%        4
 Alistair's Intoxication  Alch           0%         N/A       100%        5
 Arcjolt                  Conj/Air       0%         1d10      100%        5
 Curse of Agony           Necr           0%         N/A       100%        5
 Freezing Cloud           Conj/Ice/Air   0%         6-21      100%        5
 Silence                  Hex/Air        0%         N/A       100%        5
 Summon Forest            Summ/Tloc      0%         N/A       100%        5
 Eringya's Noxious Bog    Alch           0%         4d6       100%        6
 Plasma Beam              Fire/Air       0%         2x1d10    100%        6
 Sculpt Simulacrum        Ice/Alch       0%         N/A       100%        6
 Summon Hydra             Summ           0%         N/A       100%        7
 Lehudib's Crystal Spear  Conj/Erth      0%         10d2      100%        8
 Maxwell's Capacitive Co  Air            0%         ∞         100%        8


Dungeon Overview and Level Annotations

Branches:
Dungeon (15/15)            Temple (1/1) D:6            Lair (5/5) D:8
 Shoals (4/4) Lair:2       Spider (4/4) Lair:3        Slime (5/5) Lair:4
    Orc (2/2) D:12            Elf (0/3) Orc:2        Vaults (0/5) D:14
 Depths (0/4) D:15          IceCv (visited)         Gauntlet (visited)

Altars:
Ashenzari
Cheibriados
Dithmenos
Elyvilon
Fedhas
Gozag
Hepliaklqana
Kikubaaqudgha
Makhleb
Nemelex Xobeh
Okawaru
Qazlal
Ru
Sif Muna
Trog
Uskayaw
Vehumet
Wu Jian
Xom
Yredelemnul
Zin
The Shining One
Jiyva

Shops:
Orc:2 [(!*   Shoals:1 [!   Shoals:3 *


Innate Abilities, Weirdness & Mutations

You have razor-sharp teeth.
Your natural rate of healing is unusually fast.
When hurt, damage is shared between your health and your magic reserves.
Your bite disrupts and absorbs the magic of your enemies.
Potions cannot restore your health.


Message History

The azure jelly hits your butterfly!
Your butterfly dies!
Your butterfly disappears in a burst of colours!
The quicksilver ooze barely misses your butterfly.
The quicksilver ooze hits your butterfly!
Your butterfly dies!
Your butterfly disappears in a burst of colours!
You block the rockslime's attack.
Unknown command.
Okay, then.
Okay, then.
Magic courses through your body.
The quicksilver ooze misses your butterfly.
The quicksilver ooze hits your butterfly!
Your butterfly dies!
Your butterfly disappears in a burst of colours!
The azure jelly closely misses your butterfly.
The azure jelly hits your butterfly!
Your butterfly dies!
Your butterfly disappears in a burst of colours!
The quicksilver ooze hits your butterfly!!
Your butterfly dies!
Your butterfly disappears in a burst of colours!
A slime creature comes into view.
The formless jellyfish shimmers eerily.
The formless jellyfish blinks!
The quicksilver ooze barely misses your butterfly.
The quicksilver ooze misses your butterfly.
The slime creature hits your butterfly!
Your butterfly dies!
Your butterfly disappears in a burst of colours!
The acid blob hits your butterfly!!
Your butterfly dies!
Your butterfly disappears in a burst of colours!
The acid blob hits your butterfly!
Your butterfly dies!
Your butterfly disappears in a burst of colours!
The rockslime completely misses your butterfly.
The rockslime hits you!!
You die...

#......# ##......
####...GG.####
.#.#.#JJG.Jb#.#.
....JJ.GJ...b...
....Jb..JJJJJ.J..
.......JJJ.b.b...
..J.b§J.J@JbJJJ.......
...J..bJbJbJJb........
......bbbJ.bJb.b......
....J...bJ.bJ.........
.....bbJ.b............
....J..b..bJ...J......
...G...b.......J......
#.............<....#
###....######....###


You could see a formless jellyfish (ally target), 8 acid blobs, 8 azure jellies,
a great orb of eyes, 8 slime creatures, 6 rockslimes, 2 shining eyes, 7
quicksilver oozes and 2 glass eyes.

Vanquished Creatures
  the Royal Jelly (Slime:5)
  Jorgrun (Shoals:1)
  Mlioglotl (Shoals:1)
  2 acid blobs
  A kraken (Shoals:2)
  Aizul (Spider:1)
  Kirke (Shoals:1)
  Donald (Spider:1)
  3 azure jellies
  A rockslime (Slime:1)
  9 ghost moths
  The ghost of Wedugher the Earth Mage, an adept GrEE of Vehumet (Shoals:2)
  12 emperor scorpions
  3 quicksilver oozes
  2 formless jellyfish (Slime:1)
  2 very ugly things (IceCv)
  The ghost of Tacit the Basher, a journeyman GrMo of Gozag (Spider:3)
  Azrael (Spider:1)
  The ghost of Neel Ube the Peltast, a journeyman FoFi of Okawaru (D:12)
  A minotaur (Gauntlet)
  11 merfolk impalers
  3 merfolk javelineers (Shoals:4)
  2 ettins
  3 entropy weavers
  An ice dragon (Lair:5)
  Erolcha (D:12)
  A great orb of eyes (Slime:1)
  A vault guard (D:14)
  3 merfolk avatars (Shoals:1)
  5 hydras
  A death knight (D:15)
  8 centaur warriors
  A catoblepas (D:14)
  4 boulder beetles
  5 two-headed ogres
  2 jorogumos (Spider:3)
  A satyr (Shoals:2)
  3 radroaches
  9 merfolk aquamancers
  2 alligator snapping turtles (Shoals:4)
  5 death yaks (Lair:2)
  8 demonic crawlers
  An occultist (D:15)
  6 orc high priests (Orc:2)
  3 tengu warriors
  3 skeletal warriors (D:14)
  5 skysharks
  4 pharaoh ants
  12 orb spiders
  14 sea snakes
  A sun moth (Spider:1)
  An arcanist (D:14)
  A flayed ghost (D:13)
  An orange crystal statue (IceCv)
  A harpy (shapeshifter) (D:13)
  A lindwurm (Lair:5)
  3 phantasmal warriors
  7 orc knights
  3 deep elf pyromancers
  A deep elf zephyrmancer (D:13)
  2 necromancers (D:15)
  18 wolf spiders
  10 steelbarb worms
  12 harpies
  Maurice (D:12)
  An oklob plant (Lair:4)
  An orc sorcerer (Orc:1)
  15 fauns
  25 ugly things
  4 moths of wrath
  8 cyclopes
  13 manticores
  9 merfolk sirens
  4 black mambas
  The ghost of chipmonk the Ruffian, a novice TrFi (D:7)
  32 slime creatures
  4 meliai
  8 water nymphs
  The ghost of Heoruswealwe the Thaumaturge, a novice DECj (D:5)
  2 gargoyles
  7 torpor snails
  4 rime drakes
  Maggie (Lair:1)
  A minotaur zombie (Gauntlet)
  6 cane toads
  9 komodo dragons
  4 anaconda simulacra
  3 freezing wraiths
  3 unseen horrors
  2 efreet (D:13)
  A yaktaur (D:13)
  10 trolls
  3 ice devils
  8 polar bears
  5 tyrant leeches
  7 hornets (Lair:5)
  Grinder (D:3)
  3 alligator simulacra
  24 tarantellas
  4 wind drakes
  17 dream sheep
  14 blink frogs
  41 merfolk
  A glass eye (Slime:2)
  10 snapping turtles
  26 water elementals
  29 jumping spiders
  2 shadows
  Sigmund (D:2)
  A vampire (D:9)
  16 culicivoras
  A spriggan (Bazaar)
  7 centaur simulacra
  A dire elephant simulacrum (IceCv)
  32 yaks
  3 wraiths
  8 wyverns
  Eustachio (D:6)
  2 basilisks (D:8)
  2 fire elementals (Spider:1)
  64 redbacks
  5 vampire mosquitoes
  2 steam dragons
  11 wargs
  A minotaur simulacrum (Spider:2)
  A harpy simulacrum (Lair:1)
  2 swamp worms (Gauntlet)
  Menkaure (D:6)
  Edmund (D:6)
  An acid dragon (D:8)
  4 hell hounds (Spider:1)
  15 water moccasins
  A hydra simulacrum (IceCv)
  2 ice beasts
  25 orc warriors
  A sky beast (D:7)
  A black bear (Lair:2)
  3 laughing skulls (D:13)
  16 wolves
  6 ogres
  7 centaurs
  4 kobold brigands
  8 bullfrogs
  3 gnoll sergeants
  2 scorpions (D:5)
  A deep troll simulacrum (Spider:2)
  5 wights (D:7)
  7 killer bees
  3 elephant simulacra (Lair:1)
  A lindwurm simulacrum (IceCv)
  4 howler monkeys
  5 electric eels
  A bombardier beetle (D:5)
  A bullfrog zombie (D:5)
  A centaur skeleton (D:5)
  26 orc priests
  3 sleepcaps
  Crazy Yiuf (D:5)
  3 iguanas
  22 orc wizards
  Natasha (thrice) (D:2)
  5 spriggan simulacra
  6 gnolls
  A howler monkey skeleton (D:5)
  7 adders
  A naga simulacrum (Lair:1)
  2 white imps (D:8)
  4 ufetubi
  2 dart slugs
  3 ribbon worms
  79 orcs
  12 ball pythons
  3 bats
  6 endoplasms
  3 giant cockroaches
  8 goblins
  7 hobgoblins
  7 quokkas
  3 frilled lizards (D:2)
  19 kobolds
  9 rats
  3 tentacles (Shoals:2)
1150 creatures vanquished.

Vanquished Creatures (others)
  A hydra (D:13)
  An ogre mage (D:13)
  A jumping spider (Spider:3)
  3 humans (Shoals:1)
  A laughing skull (D:13)
  2 tentacles (Shoals:2)
9 creatures vanquished.

Grand Total: 1159 creatures vanquished

Notes
Turn   | Place    | Note
-------+----------+-------------------------------------------
     0 | D:1      | Bnni the Vine Stalker Fighter began the quest for the Orb.
     0 | D:1      | Reached XP level 1. HP: 11/11 MP: 2/2
   159 | D:1      | Reached XP level 2. HP: 16/16 MP: 3/3
   161 | D:1      | Found a faded altar of an unknown god.
   453 | D:1      | Reached XP level 3. HP: 19/19 MP: 4/4
   928 | D:2      | Noticed Natasha
   939 | D:2      | Killed Natasha
   940 | D:2      | Reached XP level 4. HP: 24/24 MP: 3/5
  1025 | D:2      | Noticed Natasha
  1034 | D:2      | Killed Natasha
  1112 | D:2      | Noticed Natasha
  1119 | D:2      | Killed Natasha
  1120 | D:2      | Reached XP level 5. HP: 21/28 MP: 6/6
  1370 | D:2      | Found the +15 Maxwell's patent armour {-Cast -Tele rElec
                  | Will+ rCorr}
  1381 | D:2      | Noticed Sigmund
  1395 | D:2      | Killed Sigmund
  1396 | D:2      | Reached XP level 6. HP: 31/33 MP: 5/7
  1805 | D:3      | Learned a level 2 spell: Blink
  1911 | D:3      | Noticed Grinder
  1935 | D:3      | Paralysed by Grinder for 4 turns
  1947 | D:3      | Paralysed by Grinder for 4 turns
  1952 | D:3      | Killed Grinder
  1953 | D:3      | Reached skill level 5 in Short Blades
  1953 | D:3      | Reached XP level 7. HP: 31/38 MP: 6/8
  2412 | D:4      | Found a burning altar of Makhleb.
  2704 | D:5      | Entered Level 5 of the Dungeon
  2748 | D:5      | Found a runed translucent gate.
  2875 | D:5      | Found a runed translucent door.
  2876 | D:5      | Noticed Crazy Yiuf
  2937 | D:5      | Found a runed translucent gate.
  2937 | D:5      | Found a runed translucent gate.
  2944 | D:5      | Noticed Heoruswealwe's ghost (novice DECj)
  2971 | D:5      | Killed Heoruswealwe's ghost
  2972 | D:5      | Reached skill level 5 in Fighting
  2972 | D:5      | Gained mutation: You have razor-sharp teeth. [Vine Stalker
                  | growth]
  2972 | D:5      | Reached XP level 8. HP: 43/43 MP: 9/9
  3039 | D:5      | Killed Crazy Yiuf
  3714 | D:6      | Noticed Eustachio
  3735 | D:6      | Killed Eustachio
  3781 | D:6      | Reached XP level 9. HP: 48/48 MP: 10/10
  3812 | D:6      | Found a shadowy altar of Dithmenos.
  3949 | D:6      | Noticed Menkaure
  3958 | D:6      | Killed Menkaure
  4032 | D:6      | Noticed Edmund
  4047 | D:6      | Killed Edmund
  4162 | D:6      | Found a staircase to the Ecumenical Temple.
  4168 | Temple   | Entered the Ecumenical Temple
  4181 | Temple   | Became a worshipper of Uskayaw the Reveller
  4270 | D:7      | Reached * piety under Uskayaw
  4283 | D:7      | Reached ** piety under Uskayaw
  4288 | D:7      | Reached skill level 1 in Stealth
  4288 | D:7      | Reached skill level 1 in Invocations
  4290 | D:7      | Reached *** piety under Uskayaw
  4333 | D:7      | Noticed chipmonk's ghost (novice TrFi)
  4354 | D:7      | Reached **** piety under Uskayaw
  4358 | D:7      | Reached ***** piety under Uskayaw
  4382 | D:7      | Found a transporter.
  4386 | D:7      | Found a transporter.
  4386 | D:7      | Noticed a moth of wrath
  4387 | D:7      | Found a bloodstained altar of Trog.
  4409 | D:7      | Killed a moth of wrath
  4414 | D:7      | Killed chipmonk's ghost
  4415 | D:7      | Reached XP level 10. HP: 25/55 MP: 12/14
  4480 | D:7      | Found a glowing silver altar of Zin.
  4480 | D:7      | Found a glowing golden altar of the Shining One.
  4480 | D:7      | Found a blossoming altar of Fedhas.
  4480 | D:7      | Found a bloodstained altar of Trog.
  4507 | D:7      | Found a white marble altar of Elyvilon.
  4507 | D:7      | Found a shimmering altar of Xom.
  4598 | D:7      | Found a transporter.
  4680 | D:7      | Found a transporter.
  4685 | D:7      | Identified the +0 leather armour of Joxil {Int+2 Dex+3}
  4771 | D:7      | Reached skill level 5 in Invocations
  4776 | D:7      | Reached skill level 10 in Short Blades
  4784 | D:7      | Reached ****** piety under Uskayaw
  4946 | D:8      | Found a radiant altar of Vehumet.
  5127 | D:8      | Reached skill level 5 in Stealth
  5313 | D:8      | Reached XP level 11. HP: 20/60 MP: 15/17
  5322 | D:8      | Found a staircase to the Lair.
  5526 | D:9      | Noticed a two-headed ogre
  5534 | D:9      | Killed a two-headed ogre
  5624 | D:9      | Noticed a five-headed hydra
  5717 | D:10     | Entered Level 10 of the Dungeon
  5834 | D:10     | Noticed a two-headed ogre
  5839 | D:10     | Killed a two-headed ogre
  5926 | D:11     | Noticed a red ugly thing
  5929 | D:12     | Noticed Erolcha
  5931 | D:12     | Noticed a centaur warrior
  5951 | D:13     | Noticed a two-headed ogre
  5965 | D:13     | Killed a two-headed ogre
  6057 | D:14     | Identified the +4 pair of gloves of the Saviour {Will-
                  | Str+5}
  6071 | D:14     | Noticed a green ugly thing
  6071 | D:14     | Noticed a green ugly thing
  6071 | D:14     | Noticed a green ugly thing
  6074 | D:14     | Killed a green ugly thing
  6077 | D:14     | Killed a purple ugly thing
  6097 | D:14     | Killed a green ugly thing
  6165 | D:14     | Reached XP level 12. HP: 53/66 MP: 18/20
  6213 | D:14     | Noticed a tengu warrior
  6223 | D:14     | Killed a tengu warrior
  6224 | D:14     | Reached skill level 10 in Invocations
  6282 | D:14     | Found a gate leading to a gauntlet.
  6291 | Gauntlet | Entered a Gauntlet
  6291 | Gauntlet | Found a transporter.
  6291 | Gauntlet | Found a transporter.
  6291 | Gauntlet | Found a transporter.
  6292 | Gauntlet | Found a transporter.
  6295 | Gauntlet | Found a transporter.
  6295 | Gauntlet | Found a transporter.
  6309 | Gauntlet | Found a transporter.
  6310 | Gauntlet | Found a transporter.
  6321 | Gauntlet | Found a transporter.
  6327 | Gauntlet | Noticed an entropy weaver
  6421 | Gauntlet | Found a transporter.
  6425 | Gauntlet | Found a transporter.
  6437 | Gauntlet | Found a transporter.
  6556 | Gauntlet | Identified the +3 spear "Qunotuaq" {freeze, rC+}
  6640 | Gauntlet | Identified the ring "Wuuripp" {rPois rC+ Slay+5}
  6655 | Gauntlet | Noticed a minotaur
  6673 | Gauntlet | Killed a minotaur
  6683 | Gauntlet | Identified the +1 scale mail of Limited Liability {rN++}
  6761 | D:15     | Entered Level 15 of the Dungeon
  6763 | D:15     | Noticed a death knight
  6940 | D:15     | Reached skill level 10 in Stealth
  7053 | D:15     | Reached skill level 10 in Fighting
  7116 | D:15     | Noticed a boulder beetle
  7136 | D:15     | Killed a boulder beetle
  7137 | D:15     | Reached XP level 13. HP: 72/72 MP: 22/22
  7167 | D:15     | Reached skill level 5 in Armour
  7209 | D:15     | Noticed an ettin
  7210 | D:15     | Killed an ettin
  7223 | D:15     | Found a staircase to the Depths.
  7226 | D:15     | Got a smoky gem with 2626 turns to spare
  7313 | D:15     | Found a hide-covered altar of Uskayaw.
  7461 | D:12     | Killed Erolcha
  7515 | D:12     | Found a runed translucent gate.
  7515 | D:12     | Found a runed translucent gate.
  9846 | D:11     | Identified the ring of Coronation {Will+ Str+4 Int+6}
  9874 | D:11     | You fall into a shaft and drop 1 floor!
  9878 | D:12     | Found a staircase to the Orcish Mines.
 10008 | D:12     | Noticed Maurice
 10052 | D:12     | Something stole a ring of see invisible
 10061 | D:12     | Something stole a +0 dagger of speed
 10063 | D:12     | Killed Maurice
 10064 | D:12     | Reached XP level 14. HP: 76/77 MP: 25/25
 10087 | D:12     | Found a runed translucent gate.
 10124 | D:12     | Noticed Neel Ube's ghost (journeyman FoFi)
 10140 | D:12     | Reached skill level 5 in Shields
 10147 | D:12     | Killed Neel Ube's ghost
 11533 | D:14     | Found a gate to the Vaults.
 12499 | Lair:1   | Entered Level 1 of the Lair of Beasts
 12601 | Lair:5   | Entered Level 5 of the Lair of Beasts
 12815 | Lair:5   | Reached XP level 15. HP: 77/83 MP: 26/26
 13387 | Lair:5   | Identified the staff of Gahav {rElec rF+ Air}
 13441 | Lair:5   | Got an earthy gem with 2908 turns to spare
 13889 | Lair:4   | Found a viscous altar of Jiyva.
 13890 | Lair:4   | Found a staircase to the Slime Pits.
 14525 | Lair:3   | Reached skill level 15 in Invocations
 14532 | Lair:3   | You fall into a shaft and drop 2 floors!
 14692 | Lair:3   | Found a hole to the Spider Nest.
 15252 | Lair:2   | Found a staircase to the Shoals.
 16346 | Lair:1   | Noticed Maggie
 16358 | Lair:1   | Killed Maggie
 16521 | Lair:1   | Found a hazy altar of Hepliaklqana.
 16840 | Orc:1    | Entered Level 1 of the Orcish Mines
 16849 | Orc:1    | Paralysed by an orc sorcerer for 2 turns
 17113 | Orc:2    | Entered Level 2 of the Orcish Mines
 17238 | Orc:2    | Found Bued Fovy's Distillery.
 17242 | Orc:2    | Reached XP level 16. HP: 75/88 MP: 28/28
 17319 | Orc:2    | Found a staircase to the Elven Halls.
 17349 | Orc:2    | Found Amobrin's Armour Shoppe.
 17373 | Orc:2    | Found Bauth's Weapon Emporium.
 17851 | Orc:2    | Found Zessack's Assorted Antiques.
 17860 | Orc:2    | Bought a scroll of identify for 62 gold pieces
 17980 | Orc:2    | Bought a phial of floods for 1240 gold pieces
 18493 | Spider:1 | Entered Level 1 of the Spider Nest
 18670 | Spider:1 | Identified the serpent talisman "Bolat" {rC++ Dex+3}
 18670 | Spider:1 | Noticed Aizul
 18694 | Spider:1 | Killed Aizul
 18768 | Spider:2 | Reached skill level 10 in Shields
 18819 | Spider:2 | Found a glacial archway.
 18895 | IceCv    | Entered an ice cave
 18924 | IceCv    | Found a transporter.
 18939 | IceCv    | Found a transporter.
 19062 | Spider:2 | Reached skill level 15 in Stealth
 19371 | Spider:3 | Found a large runed translucent door.
 19372 | Spider:3 | Found a large runed translucent door.
 19403 | Spider:3 | Reached XP level 17. HP: 72/94 MP: 19/30
 19532 | Spider:3 | You fall into a shaft and drop 1 floor!
 19532 | Spider:4 | Entered Level 4 of the Spider Nest
 19748 | Spider:4 | Got a milky-white gem with 1437 turns to spare
 19755 | Spider:4 | Got a gossamer rune of Zot
 19760 | Spider:4 | Identified the +2 hat "Sudicomp" {Rampage rC- Dex+2}
 20245 | Spider:3 | Noticed Tacit's ghost (journeyman GrMo)
 20491 | Spider:3 | Found a runed translucent door.
 20533 | Spider:3 | Killed Tacit's ghost
 21101 | Spider:2 | Identified the +6 scale mail of Qallyni {Will+ Str+3 Int+3
                  | Stlth+}
 21674 | Spider:1 | Noticed Azrael
 21685 | Spider:1 | Killed Azrael
 21777 | Spider:1 | Reached XP level 18. HP: 100/100 MP: 31/31
 21889 | Spider:1 | Noticed Donald
 21900 | Spider:1 | Killed Donald
 22362 | Shoals:1 | Entered Level 1 of the Shoals
 22363 | Shoals:1 | Noticed Kirke
 22370 | Shoals:1 | Killed Kirke
 22422 | Shoals:1 | Found Tisuhex's Armour Shop.
 22474 | Shoals:1 | Found Says's Distillery.
 22532 | Shoals:1 | Noticed Jorgrun
 22541 | Shoals:1 | Found a flickering gateway to a bazaar.
 22552 | Shoals:1 | Killed Jorgrun
 22580 | Bazaar   | Entered a bazaar
 22623 | Bazaar   | Found Patwixab's Magic Scroll Emporium.
 22638 | Bazaar   | Found Citoc's Armour Shoppe.
 22674 | Bazaar   | Bought a +0 pair of boots of rampaging for 103 gold pieces
 22700 | Bazaar   | Bought a scroll of fear for 48 gold pieces
 22700 | Bazaar   | Bought a scroll of blinking for 90 gold pieces
 22700 | Bazaar   | Bought a scroll of revelation for 90 gold pieces
 22700 | Bazaar   | Bought a scroll of revelation for 90 gold pieces
 23154 | Shoals:3 | Reached skill level 10 in Armour
 23221 | Shoals:4 | Entered Level 4 of the Shoals
 23468 | Shoals:4 | Identified the +8 dagger of Rolercho {flame, Int+2}
 23520 | Shoals:4 | Identified the +9 sling of the Known World {flame, rN+
                  | Str+4}
 23716 | Shoals:4 | Got an azure gem with 923 turns to spare
 23718 | Shoals:4 | Got a barnacled rune of Zot
 23940 | Shoals:4 | Reached XP level 19. HP: 94/105 MP: 33/33
 24097 | Shoals:3 | Found Usogiez's CLEARANCE SALE!.
 24113 | Shoals:3 | Bought a book of Party Tricks for 88 gold pieces
 24113 | Shoals:3 | Bought a potion of mutation for 32 gold pieces
 25050 | Shoals:2 | Found a runed translucent door.
 25055 | Shoals:2 | Noticed Wedugher's ghost (adept GrEE)
 25102 | Shoals:2 | Killed Wedugher's ghost
 25748 | Shoals:1 | Bought a potion of might for 68 gold pieces
 25786 | Shoals:1 | Noticed Mlioglotl
 25796 | Shoals:1 | Killed Mlioglotl
 26407 | Slime:1  | Entered Level 1 of the Pits of Slime
 26646 | Slime:5  | Entered Level 5 of the Pits of Slime
 26658 | Slime:5  | Noticed the Royal Jelly
 26666 | Slime:5  | Killed the Royal Jelly
 26679 | Slime:5  | HP: 2/106 [rockslime (11)]
 26681 | Slime:5  | Demolished by a rockslime

Illustrated notes

Levels and vault maps discovered:
D:1:      lightli_arrival_chessboard, layout_loops_corners,
          hellmonk_ecumenical_altar_crossroads, minmay_shallow_snake_nest
D:2:      layout_basic, uniq_sigmund, uniq_natasha
D:3:      layout_rooms, uniq_grinder
D:4:      layout_gridville, lemuel_round_altar, minivault_23, st_stairs_10,
          minmay_crystal_room, chequers_serial_rivers_large_b
D:5:      wander_river, layout_basic, gammafunk_ghost_necromancy,
          uniq_crazy_yiuf_cottage
D:6:      layout_cave_pools, nicolae_overflow_hidden_temple,
          minmay_temple_entry_fiery, uniq_eustachio, uniq_edmund, uniq_menkaure
D:7:      gammafunk_beogh_shrine, layout_rooms, minmay_overflow_temple_hex,
          gammafunk_ghost_wrathful_warriors
D:8:      hellmonk_crumbling_castle, layout_basic, fiery_altar_vehumet,
          erik_lair_dragon, chequers_serial_rivers_micro_a,
          chequers_serial_rivers_small_b
D:9:      layout_irregular_city, minmay_fractal_squares_gapless_7
D:10:     layout_basic, st_stairs_10
D:11:     layout_irregular_city
D:12:     layout_rooms, david_orc_2, gammafunk_ghost_icy, st_stairs_6,
          uniq_erolcha, uniq_maurice
D:13:     minmay_dotted_concentric_squares, layout_loops_ring,
          hangedman_fish_farm
D:14:     layout_basic, david_vaults_4, minmay_crystal_water,
          gauntlet_entry_generic, kennysheep_another_room
D:15:     hangedman_depths_entry_civil_slaughter, layout_basic,
          nicolae_uskayaw_dance_hall
Temple:   nicolae_temple_figure_eight
Lair:1:   dreamdust_isle_of_ice, layout_hall_layers, lemuel_centaur_altar,
          serial_bayou_shore_b, uniq_maggie
Lair:2:   layout_roguey, minmay_shoals_entry_lonely_mermaid, serial_bayou_lake_a
Lair:3:   layout_regular_city, nicolae_spider_entry_orb_guardian
Lair:4:   layout_regular_city, slime_entry_1
Lair:5:   wormcave, layout_gridlike
Shoals:1: layout_shoals, serial_shops, bzr_entry_water, shop,
          nicolae_shop_mannequins, nicolae_shoals_flooded_hall, uniq_mlioglotl,
          uniq_kirke, uniq_jorgrun
Shoals:2: layout_shoals, ebering_ghost_reflecting_pool
Shoals:3: layout_shoals, nicolae_shop_clearance
Shoals:4: shoals_end_simple, layout_shoals
Spider:1: layout_spider_delve, nicolae_spider_scorpion_nest, uniq_azrael,
          uniq_donald, uniq_aizul
Spider:2: layout_spider_delve, portal_ice_cave_entry_ice_simulacra
Spider:3: layout_spider_delve, hellmonk_ghost_happy_afterlife,
          spiders_nest_the_unseen
Spider:4: grunt_spider_rune_circles
Slime:1:  layout_caves
Slime:2:  layout_caves, cheibrodos_slime_lost_civilization_4
Slime:3:  layout_caves
Slime:4:  layout_caves
Slime:5:  slime_pit_nicolae_inversion
Orc:1:    layout_diamond_mine
Orc:2:    st_orc_town, layout_diamond_mine, serial_shops, shop

Skill      XL: |  1  2  3  4  5  6  7  8  9 10 11 12 13 14 15 16 17 18 19 |
---------------+----------------------------------------------------------+-----
Short Blades   | 2 3 4 5 6 8 9 10 11 | 11.5
Shields        | 3 4 7 9 10 11 13 14 | 14.3
Fighting       | 3 4 5 6 7 8 9 10 11 12 13 14 | 14.3
Stealth        | 3 6 8 10 12 13 14 15 16 18 19 | 19.3
Invocations    | 4 7 9 11 13 14 15 16 17 18 19 | 19.2
Armour         | 3 4 6 7 8 9 10 | 10.0

Action                     |  1- 3 |  4- 6 |  7- 9 | 10-12 | 13-15 | 16-18 | 19-21 || total
---------------------------+-------+-------+-------+-------+-------+-------+-------++-------
  Melee: Rapier            |    43 |       |       |       |       |   194 |       ||   237
         Bite              |    21 |    29 |    99 |   312 |   550 |   713 |   242 ||  1966
         Dagger            |    30 |    98 |   248 |   739 |  1192 |  1275 |   463 ||  4045
  Throw: Dart              |       |       |     1 |     6 |     1 |       |       ||     8
 Invoke: Line Pass         |       |       |       |     5 |     1 |     8 |     1 ||    15
         Grand Finale      |       |       |       |       |     5 |    13 |     5 ||    23
         Stomp             |       |       |       |       |       |     1 |       ||     1
  Evoke: Wand              |       |       |     1 |     4 |     8 |     4 |       ||    17
         Phantom mirror    |       |       |       |       |       |     1 |       ||     1
    Use: Potion            |       |       |     1 |     1 |     1 |     5 |     2 ||    10
         Scroll            |       |       |       |    16 |     7 |     8 |     1 ||    32
   Stab: Paralysed         |       |       |     5 |    44 |    92 |   125 |    50 ||   316
         Invisible         |       |       |       |     3 |     3 |    18 |       ||    24
         Confused          |       |       |       |     3 |       |     6 |     1 ||    10
         Sleeping          |       |       |       |       |       |     7 |    10 ||    17
         Distracted        |       |       |       |       |       |     1 |     1 ||     2
         Held in net/web   |       |       |       |       |       |       |     1 ||     1
 Armour: Scale mail        |    38 |    23 |       |       |       |       |       ||    61
         Plate armour      |       |    29 |   209 |   385 |   818 |  1112 |   220 ||  2773
  Dodge: Dodged            |    33 |    24 |    36 |    97 |   224 |   280 |    48 ||   742
  Block: Buckler           |     9 |    21 |    70 |   101 |   244 |   136 |       ||   581
         Kite shield       |       |       |       |       |       |   549 |   115 ||   664
         Reflection        |       |       |       |       |       |    30 |     5 ||    35
         Tower shield      |       |       |       |       |       |       |   151 ||   151
